 Dungeon Crawl Stone Soup version 0.24.0-37-gcf1ca852f1 (webtiles) character file.

Game seed: 1301974656346948375, levelgen mode: deterministic

23 Edwards80 the Skirmisher (level 3, -2/23 HPs)
             Began as a Gargoyle Monk on Nov 22, 2019.
             Slain by Sigmund
             ... wielding a +2 scythe of freezing
              (4 damage)
             ... on level 2 of the Dungeon.
             The game lasted 00:01:57 (692 turns).

Edwards80 the Skirmisher (Gargoyle Monk)             Turns: 692, Time: 00:01:57

Health: -2/23      AC:  5    Str: 15    XL:     3   Next: 0%
Magic:  3/3        EV: 12    Int: 10    God:
Gold:   29         SH:  0    Dex: 12    Spells: 2/2 levels left

rFire    . . .     SeeInvis .   e - +0 short sword (speed)
rCold    . . .     Gourm    .   (no shield)
rNeg     + . .     Faith    .   b - +0 robe
rPois    ∞         Spirit   .   (no helmet)
rElec    +         Reflect  .   (no cloak)
rCorr    .         Harm     .   (no gloves)
MR       .....                  (no boots)
Stlth    +.........             (no amulet)
HPRegen  0.07/turn              g - ring of attention (curse)
MPRegen  0.08/turn              (no ring)

@: no status effects
A: negative energy resistance 1, electricity resistance, unbreathing,
petrification resistance, rot immunity, AC +3
a: no special abilities


You were on level 2 of the Dungeon.
You were not hungry.

You visited 1 branch of the dungeon, and saw 2 of its levels.

You collected 29 gold pieces.

Inventory:

Hand Weapons
 a - a +0 mace
 e - a +0 short sword of speed (weapon)
Armour
 b - a +0 robe (worn)
Jewellery
 d - an uncursed ring of fire
 g - a cursed ring of attention (left hand)
Scrolls
 i - 2 scrolls of identify
Potions
 h - a potion of haste
Comestibles
 c - 2 rations
 f - a chunk of flesh


   Skills:
 - Level 3.3 Fighting
 + Level 2.0 Short Blades
 - Level 3.1 Maces & Flails
 - Level 2.4 Dodging
 - Level 2.3 Stealth


You had 2 spell levels left.
You didn't know any spells.
Your spell library was empty.

Dungeon Overview and Level Annotations

Branches:
Dungeon (2/15)

Altars:

Annotations:
D:2 Sigmund


Innate Abilities, Weirdness & Mutations

You are resistant to torment.
Your stone body is resilient. (AC +3)
You are immune to poison.
You resist negative energy. (rN+)
You are resistant to electric shocks. (rElec)
You can survive without breathing.
You are immune to petrification.
You are immune to rotting.


Message History

f - a chunk of flesh You see here an adder skeleton.
Sigmund the Dreaded comes into view.
He is wielding a +2 scythe of freezing.
Sigmund shouts!
Sigmund gestures wildly while chanting.
Sigmund flickers and vanishes!
Deactivating autopickup; reactivate with Ctrl-A.
No target in view!
No target in view!
No target in view!
No target in view!
No target in view!
No target in view!
Something hits you! Something freezes you.
You hear some strange, mumbled words.
Something tries to affect you, but you resist.
Something hits you!
* * * LOW HITPOINT WARNING * * *
Something freezes you.
You die...

. ...........# .##
.####........###..#
..................#
...^......÷........
>.......##....##..
###.##...#....#
#.##+#.####.##+#####
#......# #.........#
#......# #....@....+
#......###.........#
#.........#.########
##......#.#.#
#....#.#.#.#
......##.#.#.#
########...#.
##########..#
............#


There were no monsters in sight!

Vanquished Creatures
  An adder (D:2)
  2 bats
  A hobgoblin (D:1)
  A frilled lizard (D:1)
  4 goblins (D:1)
  4 kobolds (D:1)
  3 rats
16 creatures vanquished.

Notes
Turn   | Place    | Note
-------+----------+-------------------------------------------
     0 | D:1      | Edwards80 the Gargoyle Monk began the quest for the Orb.
     0 | D:1      | Reached XP level 1. HP: 14/14 MP: 1/1
   123 | D:1      | Reached XP level 2. HP: 16/19 MP: 2/2
   151 | D:1      | Reached skill level 1 in Short Blades
   683 | D:2      | Reached XP level 3. HP: 20/23 MP: 3/3
   688 | D:2      | Noticed Sigmund
   692 | D:2      | Slain by Sigmund

Levels and vault maps discovered:
D:1:      dpeg_arrival_chase, layout_rooms, minmay_misc_feat_nine_boxes
D:2:      wad_woods_tower, layout_basic, minmay_strange_pillars, st_stairs_12,
          uniq_sigmund

Skill      XL: |  1  2 |
---------------+-------+-----
Short Blades   | 2 |  2.0
Fighting       | |  3.3
Maces & Flails | |  3.1
Dodging        | |  2.4
Stealth        | |  2.3

Action                   || total
-------------------------++-------
Melee: Short sword       ||    39
       Mace              ||     6
  Use: Scroll            ||     1
 Stab: Sleeping          ||     1
Armor: Robe              ||     6
Dodge: Dodged            ||    31
